 Dungeon Crawl Stone Soup version 0.29-a0-243-g602b31c20e (webtiles) character file.

Game seed: 1209620994507322253

2008 sammy202020 the Skirmisher (level 9, -8/80 HPs)
             Began as a Minotaur Fighter on Mar 5, 2022.
             Mangled by a cyan ugly thing (9 damage)
             ... on level 6 of the Dungeon.
             The game lasted 00:09:14 (4886 turns).

sammy202020 the Skirmisher (Minotaur Fighter)       Turns: 4886, Time: 00:09:15

Health: -8/80      AC: 16    Str: 21    XL:     9   Next: 2%
Magic:  8/8        EV: 11    Int: 17    God:
Gold:   274        SH:  0    Dex:  8    Spells: 8/8 levels left

rFire   . . .      SeeInvis .   G - +2 flail (protect)
rCold   + . .      Faith    .   e - orb {light}
rNeg    + . .      Spirit   .   m - +0 scale mail "Xotahaox" {+Blink rN+ Int+4 Dex-4}
rPois   .          Reflect  .   (helmet restricted)
rElec   .          Harm     .   (no cloak)
rCorr   .          Rampage  .   (no gloves)
Will    .....                   H - +0 pair of boots
Stlth   ..........              (no amulet)
HPRegen 0.23/turn               x - ring of protection from cold
MPRegen 0.11/turn               q - +6 ring of intelligence

@: under a protective aura, glowing
A: horns 2, retaliatory headbutt
a: Evoke Blink


You were on level 6 of the Dungeon.
You visited 1 branch of the dungeon, and saw 6 of its levels.

You collected 274 gold pieces.

Inventory:

Hand Weapons
 g - a +2 vampiric whip
 s - a +0 morningstar
 G - a +2 flail of protection (weapon)
Missiles
 t - a throwing net (quivered)
Armour
 b - a +0 scale mail
 c - a +0 buckler
 e - an orb of light (worn)
 m - the +0 scale mail "Xotahaox" (worn) {+Blink rN+ Int+4 Dex-4}
   (You found it on level 2 of the Dungeon)

   Int:       It affects your intelligence (+4).
   Dex:       It affects your dexterity (-4).
   rN:        It protects you from negative energy.
   +Blink:    It lets you blink.
 H - a +0 pair of boots (worn)
Jewellery
 a - a ring of fire
 q - a +6 ring of intelligence (right hand)
 x - a ring of protection from cold (left hand)
Wands
 D - a wand of mindburst (22)
Scrolls
 h - 2 scrolls of enchant weapon
 k - 2 scrolls of fear
 n - 2 scrolls of fog
 o - a scroll of vulnerability
 p - 5 scrolls of blinking
 r - 3 scrolls of teleportation
 F - a scroll of amnesia
Potions
 d - a potion of might
 f - a potion of ambrosia
 l - 4 potions of lignification
 v - 2 potions of haste
 z - a potion of curing {unknown}
 A - a potion of berserk rage {unknown}
 B - 2 potions of resistance {unknown}
 C - a potion of flight {unknown}


   Skills:
 * Level 7.7 Fighting
 * Level 7.1 Maces & Flails
 * Level 7.6 Armour
 * Level 5.7 Dodging
 + Level 5.9 Shields


You had 8 spell levels left.
You didn't know any spells.
Your spell library contained the following spells:

 Spells                   Type           Power      Damage    Failure   Level
 Beastly Appendage        Tmut           0%         N/A       50%         1
 Sting                    Tmut/Pois      0%         1d3       50%         1
 Wereblood                Tmut           0%         N/A       65%         2
 Ignite Poison            Fire/Tmut/Pois 0%         N/A       86%         3
 Spider Form              Tmut/Pois      0%         N/A       86%         3
 Animate Armour           Summ/Erth      0%         N/A       99%         4
 Summon Lightning Spire   Summ/Air       0%         N/A       99%         4
 Storm Form               Tmut/Air       0%         N/A       100%        7
 Borgnjor's Revivificati  Necr           0%         N/A       100%        8
 Maxwell's Capacitive Co  Air            0%         ∞         100%        8
 Necromutation            Tmut/Necr      0%         N/A       100%        8
 Summon Horrible Things   Summ           0%         N/A       100%        8
 Death's Door             Necr           0%         N/A       100%        9


Dungeon Overview and Level Annotations

Branches:
Dungeon (6/15)             Temple (0/1) D:4

Altars:
Gozag

Shops:
D:4 (


Innate Abilities, Weirdness & Mutations

You have a pair of horns on your head.
You reflexively headbutt those who attack you in melee.


Message History

The adder barely misses you. You furiously retaliate!
You headbutt the adder!
Your Maces & Flails skill increases to level 7!
You have reached level 9!
Your experience leads to an increase in your attributes!
Your base attributes are Str 21, Int 7, Dex 10.
Increase (S)trength, (I)ntelligence, or (D)exterity?
You feel agile. x2
You sock the adder!
You kill the adder!
You hit the cyan ugly thing but do no damage.
Your headbutt misses the cyan ugly thing.
The cyan ugly thing trunk-slaps you but does no damage.
You hit the cyan ugly thing. You headbutt the cyan ugly thing.
The cyan ugly thing is lightly wounded.
The cyan ugly thing trunk-slaps you but does no damage.
You barely miss the cyan ugly thing.
The cyan ugly thing is lightly wounded.
The cyan ugly thing trunk-slaps you but does no damage.
You thump the cyan ugly thing!
The cyan ugly thing is moderately wounded.
The cyan ugly thing trunk-slaps you. The cyan ugly thing shocks you!
You barely miss the cyan ugly thing.
Your headbutt misses the cyan ugly thing.
The cyan ugly thing is moderately wounded.
The cyan ugly thing trunk-slaps you. The cyan ugly thing shocks you!
* * * LOW HITPOINT WARNING * * *
You hit the cyan ugly thing. You headbutt the cyan ugly thing.
The cyan ugly thing is moderately wounded.
The cyan ugly thing trunk-slaps you but does no damage.
You sock the cyan ugly thing!
The cyan ugly thing is heavily wounded.
The cyan ugly thing trunk-slaps you!
* * * LOW HITPOINT WARNING * * *
The cyan ugly thing shocks you!
* * * LOW HITPOINT WARNING * * *
Okay, then.
You hit the cyan ugly thing.
The cyan ugly thing is heavily wounded.
The cyan ugly thing trunk-slaps you!
You die...

................................#
...##+####################.......
...#.....................#.......
...#.....................#.......
...#.....................#.......
...#.##########..#########.......
.###.##.8∩8.###..#...........####
.#...#.$.$$.∩#...#...........'...
.+...#8$.8.$8#..@'....)......#...
.##'##..._$.∩###u#...........#...
.#..###.$...###.....##########...
.#...###'''##.#.....#....#.......
.#...#.....5..#.....#....'.......
.#'###......Su......#..###..###..
.....#..#...##############..###..
.....'..#....# #.....#..
.....#.......# #.....#..


You could see a cyan ugly thing.

Vanquished Creatures
  The ghost of indyram44 the Shield-Bearer, a novice OpFi of Dithmenos (D:6)
  Eustachio (D:6)
  An ice beast (D:6)
  A black bear (D:6)
  An ogre (D:5)
  3 centaurs
  A phantom (D:4)
  2 necrophages (D:4)
  A gnoll sergeant (D:6)
  3 scorpions
  4 hounds
  An orc priest (D:6)
  Terence (D:2)
  An iguana (D:5)
  3 gnolls (D:6)
  9 adders
  A shadow imp (D:6)
  A white imp (D:6)
  7 dart slugs
  11 orcs
  4 endoplasms
  7 goblins
  8 hobgoblins
  4 kobolds
  8 quokkas
  8 ball pythons
  6 bats
  3 frilled lizards
  2 rats
104 creatures vanquished.

Notes
Turn   | Place    | Note
-------+----------+-------------------------------------------
     0 | D:1      | sammy202020 the Minotaur Fighter began the quest for the
                  | Orb.
     0 | D:1      | Reached XP level 1. HP: 19/19 MP: 0/0
    81 | D:1      | Reached XP level 2. HP: 27/27 MP: 1/1
   466 | D:1      | Reached XP level 3. HP: 33/33 MP: 2/2
   560 | D:2      | Found a faded altar of an unknown god.
   610 | D:2      | Identified the +0 scale mail "Xotahaox" {+Blink rN+ Int+4
                  | Dex-4}
   767 | D:2      | Reached skill level 1 in Dodging
   957 | D:2      | Noticed Terence
   965 | D:2      | Killed Terence
   966 | D:2      | Reached XP level 4. HP: 34/41 MP: 3/3
  1642 | D:3      | You fall into a shaft and drop 3 floors!
  1645 | D:5      | Entered Level 5 of the Dungeon
  1691 | D:4      | Found Boydu's Antique Weapon Shoppe.
  1705 | D:4      | Noticed a necrophage
  1716 | D:4      | Killed a necrophage
  1717 | D:4      | Reached XP level 5. HP: 47/47 MP: 4/4
  2139 | D:4      | Got the Tome of Poisoning and Companions
  2146 | D:4      | Noticed a phantom
  2162 | D:4      | Killed a phantom
  2163 | D:4      | Reached skill level 5 in Fighting
  2163 | D:4      | Reached skill level 5 in Armour
  2274 | D:4      | Reached XP level 6. HP: 52/56 MP: 5/5
  2371 | D:4      | Found a staircase to the Ecumenical Temple.
  2782 | D:5      | Reached XP level 7. HP: 56/61 MP: 6/6
  2915 | D:5      | Reached skill level 5 in Maces & Flails
  3746 | D:6      | Reached skill level 5 in Shields
  4033 | D:6      | Noticed Eustachio
  4054 | D:6      | Killed Eustachio
  4055 | D:6      | Reached XP level 8. HP: 41/71 MP: 5/7
  4600 | D:6      | Found a runed translucent gate.
  4600 | D:6      | Found a runed translucent gate.
  4601 | D:6      | Found a runed translucent gate.
  4601 | D:6      | Found an opulent altar of Gozag.
  4602 | D:6      | Noticed indyram44's ghost (novice OpFi)
  4602 | D:6      | Noticed a cyan ugly thing
  4861 | D:6      | Reached skill level 5 in Dodging
  4877 | D:6      | Killed indyram44's ghost
  4878 | D:6      | Reached XP level 9. HP: 60/80 MP: 8/8
  4885 | D:6      | HP: 1/80 [cyan ugly thing (13)]
  4886 | D:6      | Mangled by a cyan ugly thing

Illustrated notes

Levels and vault maps discovered:
D:1:      dpeg_arrival_simpleton_b, layout_basic, minmay_misc_feat_iff
D:2:      layout_basic, nicolae_ecumenical_pavilion, uniq_terence
D:3:      layout_loops_ring
D:4:      layout_basic, minmay_temple_entry_glassed_door, serial_shops, shop
D:5:      layout_basic
D:6:      layout_gridville, ebering_ghost_gozag, portal_sewer_entry_d,
          uniq_eustachio

Skill      XL: |  1  2  3  4  5  6  7  8 |
---------------+-------------------------+-----
Armour         | 4 5 6 7 |  7.6
Fighting       | 4 5 6 7 |  7.7
Maces & Flails | 3 4 6 7 |  7.1
Dodging        | 1 2 3 4 5 |  5.7
Shields        | 4 5 |  5.9

Action                   |  1- 3 |  4- 6 |  7- 9 || total
-------------------------+-------+-------+-------++-------
Melee: Flail             |    15 |    14 |    99 ||   128
       Headbutt          |    10 |    29 |    24 ||    63
       Whip              |    35 |   110 |       ||   145
 Abil: Evoke Blink       |       |       |     1 ||     1
  Use: Scroll            |       |    15 |       ||    15
Armor: Scale mail        |    24 |    41 |   124 ||   189
Dodge: Dodged            |    21 |    55 |   104 ||   180

Table legend: (Time is in decaauts)
 A = Elapsed time spent in this place.
 B = Non-inter-level travel time spent in this place.
 C = Inter-level travel time spent in this place.
 D = Time resting spent in this place.
 E = Time spent auto-exploring this place.
 F = Levels seen in this place.
 G = Mean time per level.
                   A        B        C        D        E       F      G
               +--------+--------+--------+--------+--------+-----+--------+
         Total |   4895 |   4817 |     78 |      0 |   4005 |   6 |  815.8 |
       Dungeon |   4895 |   4817 |     78 |      0 |   4005 |   6 |  815.8 |
               +--------+--------+--------+--------+--------+-----+--------+

Top non-repeatable levels by time:
     D:6: 1480 daAuts
     D:5: 958 daAuts
     D:2: 772 daAuts
     D:3: 651 daAuts
     D:1: 562 daAuts
     D:4: 469 daAuts
